[Event "Late-Titled-Tuesday-Blitz-January-23-2024"]
[Site "Chess.com"]
[Date "2024.01.23"]
[Round "1"]
[White "Viktor_Poddubnyi"]
[Black "1mbl4"]
[Result "0-1"]
[WhiteElo "2252"]
[BlackElo "2587"]
[TimeControl "180+1"]
[EndTime "14:07:04 PST"]
[Termination "1mbl4 won on time"]

1. e4 g6 2. d4 Bg7 3. c4 d6 4.
Nc3 Nf6 5. Nf3 O-O 6. Be2 e5 7. O-O Nc6 8. d5 Ne7 9. Kh1 Nd7 10. Ng1 f5 11. Bf3 Nf6 12. b4 f4 13. c5 g5 14. h3 Ng6 15. a4 Nh4 16. Bd2 Nxf3 17.
gxf3 h5 18. Rc1 Bd7 19. cxd6 cxd6 20. Nb5 Ne8 21. Qe2 Rf7 22. Rc2 a6 23. Nc3 Bf8 24. b5 Rh7 25. Rb1 g4 26. fxg4 hxg4 27. f3 g3 28. Kg2 Qh4 29. Kf1 Bxh3+ 30. Ke1 Bd7 31. Kd1 Qh1 32. Qf1 Rh2 33. Be1 Rxc2 34. Kxc2 axb5 35.
a5 Rxa5 36. Nce2 Ra2+ 37. Rb2 Ra1 38. Rb1 Rxb1 39. Kxb1 Be7 40. Nc3 Bh4 0-1

[Event "Late-Titled-Tuesday-Blitz-January-23-2024"]
[Site "Chess.com"]
[Date "2024.01.23"]
[Round "1"]
[White "annasargsyan_m"]
[Black "LevonAronian"]
[Result "0-1"]
[WhiteElo "2539"]
[BlackElo "3102"]
[TimeControl "180+1"]
[EndTime "14:07:05 PST"]
[Termination "LevonAronian won on time"]

1. e4 c5 2. Nf3 e6 3. d4 cxd4 4. Nxd4 Nc6 5. Nc3 Qc7 6. Be3 a6 7. Qf3 Nf6 8. O-O-O Ne5 9. Qg3 b5 10. f4 Neg4 11. e5 Nxe3 12. Qxe3 b4 13. Ncb5 axb5 14.
Nxb5 Qb8 15. exf6 gxf6 16. Kb1 Ra5 17. Qd3 d5 18. Qd4 Rxb5 19. Bxb5+ Qxb5 20. Qxf6 Rg8 21. f5 Rxg2 22. fxe6 Bxe6 23. Rhe1 Qc6 24. Rc1 Bg7 25. Qf3 Rg6 26. h4 Kf8 27. h5 Rg4 28. Rf1 h6 29. Rce1 Kg8 30. Qf2 Kh8 31. Qa7 Rg2 32. Rc1 Qc4 0-1

[Event "Late-Titled-Tuesday-Blitz-January-23-2024"]
[Site "Chess.com"]
[Date "2024.01.23"]
[Round "1"]
[White "SocoLoco"]
[Black "chesspreceptor"]
[Result "0-1"]
[WhiteElo "2215"]
[BlackElo "2577"]
[TimeControl "180+1"]
[EndTime "14:07:05 PST"]
[Termination "chesspreceptor won by resignation"]

1. e4 e6 2. d3 d5 3. f4 dxe4 4. Nc3 exd3 5. Bxd3 Nf6 6. Nf3 Bc5 7. Qe2 Nc6 8. Be3 Bxe3 9. Qxe3 O-O 10. O-O-O Qe7 11. Ne5 Nb4 12. Bc4 c6 13. Ne4 Nbd5 14. Qf3 Nxe4 15. Qxe4 f6 16. Nf3 Qc7 17. Rhe1 Qxf4+ 18.
Qxf4 Nxf4 19. g3 Nd5 20. Nd4 e5 21. Nb3 Rd8 22. Rd2 b5 23. Bf1 Be6 24. Nc5 Bg4 25.
h3 Bf5 26. g4 Bg6 27. h4 Nb4 28. h5 Rxd2 29. Kxd2 Rd8+ 30. Kc3 Nd5+ 31. Kb3 Bf7 32.
c4 Nb6 33. Rc1 bxc4+ 34. Kb4 Nd5+ 35. Kxc4 Ne3+ 36. Kb4 Nxf1 37. Rxf1 Bxa2 38. b3 Rd5 39. Kc4 Rd4+ 40. Kc3 Rxg4 41. Ra1 Rg2 42. Ne4 Rh2 43. Nd2 Bxb3 44. Nxb3 Rxh5 45. Rxa7 Rh3+ 46. Kc4 Rf3 47. Nc5 h5 48. Ne6 Rg3 49. Rc7 h4 50. Rxc6 h3 51.
Rc8+ Kf7 52. Nf8 h2 53. Nd7 h1=Q 54. Rf8+ Ke6 55. Rh8 Qxh8 56. Nc5+ Kf5 0-1

[Event "Late-Titled-Tuesday-Blitz-January-23-2024"]
[Site "Chess.com"]
[Date "2024.01.23"]
[Round "1"]
[White "CarlosjPineror"]
[Black "Jenia84"]
[Result "1-0"]
[WhiteElo "2609"]
[BlackElo "2297"]
[TimeControl "180+1"]
[EndTime "14:07:07 PST"]
[Termination "CarlosjPineror won by resignation"]

1. e4 c5 2. Nf3 d6 3. d4 cxd4 4. Nxd4 Nf6 5. Nc3 a6 6. Bg5 e6 7. f4 Nbd7 8. Qe2 Qc7 9. O-O-O h6 10. Bh4 b5 11. g4 b4 12. Nd5 exd5 13. exd5+ Ne5 14. fxe5 dxe5 15. Nc6 Bxg4 16. Qf2 Bxd1 17. Bxf6 gxf6 18. Qxf6 Qd6 19. Qxh8 Qxd5 20. Qxe5+ Qxe5 21.
Nxe5 f6 22. Bg2 Rc8 23. Rxd1 fxe5 24. Bb7 Rc5 25. Bxa6 Be7 26. Bd3 Bg5+ 27. Kb1 Ke7 28. Re1 Bf4 29. h3 Rc8 30. Re4 Rg8 31. a4 bxa3 32.
bxa3 Kd6 33. Rb4 Kc7 34. a4 Rb8 35. Rxb8 Kxb8 36. Ka2 Ka7 37. Kb3 Kb6 38. Kb4 Bd2+ 39. c3 Be1 40. a5+ Ka7 41. Be2 Bd2 42. Kb3 e4 43.
Kc2 e3 44. h4 Be1 45. h5 Bh4 46. a6 Bg5 47. Kb3 Bf4 48. Kc4 Be5 49. Kb4 Kb6 50.
Bd3 Bd6+ 51. Kb3 Bc5 52. Kc4 Kc6 53. Be4+ Kd6 54. Kd3 Ba7 55. Bf3 Ke5 56. Be2 Kf4 57. Kc4 Kg3 58. Kb5 Kf2 59. Bd1 Ke1 60. Bg4 e2 61. c4 Kd2 62. Bxe2 Kxe2 63. c5 Kd3 64. c6 Bb8 65. a7 Bxa7 66. c7 1-0

[Event "Late-Titled-Tuesday-Blitz-January-23-2024"]
[Site "Chess.com"]
[Date "2024.01.23"]
[Round "1"]
[White "dosto07"]
[Black "deloewre"]
[Result "1-0"]
[WhiteElo "2549"]
[BlackElo "1999"]
[TimeControl "180+1"]
[EndTime "14:07:07 PST"]
[Termination "dosto07 won on time"]

1. e4 c5 2. Nf3 Nc6 3. Bb5 g6 4. Bxc6 dxc6 5. d3 Bg7 6. h3 Nf6 7. Nc3 O-O 8. Be3 b6 9. Qd2 Re8 10. Bh6 Bh8 11. O-O Nd7 12. Nh2 Nf8 13. f4 f5 14. e5 Ne6 15. Rae1 Bg7 16. Bxg7 Kxg7 17. Nf3 Nd4 18. Qf2 Be6 19. b3 Bg8 20. Nd1 Ne6 21. Qg3 Nd4 22. Rf2 Qd5 23. Kh2 Nxf3+ 24. Rxf3 Be6 25. Qf2 Qd4 26. Qh4 a5 27. Ne3 a4 28.
g4 fxg4 29. hxg4 Ra7 30. Rh3 h5 31. Rg1 Rh8 32. Qg5 hxg4 33. Rxh8 Kxh8 34. Nxg4 Bxg4 35. Qh6+ Kg8 36. Qxg6+ Kf8 37. Rxg4 Qf2+ 38. Kh3 1-0

[Event "Late-Titled-Tuesday-Blitz-January-23-2024"]
[Site "Chess.com"]
[Date "2024.01.23"]
[Round "1"]
[White "Polish_fighter3000"]
[Black "sina101"]
[Result "1-0"]
[WhiteElo "3087"]
[BlackElo "2536"]
[TimeControl "180+1"]
[EndTime "14:07:08 PST"]
[Termination "Polish_fighter3000 won by resignation"]

1. d4 d5 2. e3 Nf6 3. Bd3 e6 4. f4 c5 5. c3 Nc6 6. Nf3 Be7 7. O-O O-O 8. Nbd2 b6 9. b3 a5 10. Qe2 a4 11. Rb1 axb3 12. axb3 Ra2 13. Rb2 Ra1 14.
Rb1 Ra2 15. Bb2 Bb7 16. Ne5 Qa8 17. Ra1 Rxa1 18. Rxa1 Qc8 19. Ndf3 Qc7 20. Rc1 Ra8 21. c4 dxc4 22. bxc4 cxd4 23. exd4 Nb4 24. Bb1 Rd8 25. Ng5 Rf8 26. Nexf7 Rxf7 27. Qxe6 Bf8 28. Nxf7 Qxf7 29. Qxb6 Be4 30. d5 Nd3 31. Bxd3 Bxd3 32. Bxf6 gxf6 33. Qd4 Bf5 34. c5 Qa7 35. d6 Kg7 36. h3 h5 37. Kh2 h4 38. Rd1 Bd7 39.
c6 Qxd4 40. Rxd4 Bxc6 41. d7 Bxd7 42. Rxd7+ Kg6 43. Rd5 Bh6 44. g3 hxg3+ 45. Kxg3 Bg7 46. Kg4 Bh6 47. f5+ Kh7 48. Rd7+ Bg7 49. Kh5 1-0

[Event "Late-Titled-Tuesday-Blitz-January-23-2024"]
[Site "Chess.com"]
[Date "2024.01.23"]
[Round "1"]
[White "ahkashefi2800"]
[Black "stregachess"]
[Result "1-0"]
[WhiteElo "2553"]
[BlackElo "2082"]
[TimeControl "180+1"]
[EndTime "14:07:09 PST"]
[Termination "ahkashefi2800 won on time"]

1. e4 c5 2. Nf3 Nc6 3. d4 cxd4 4.
Nxd4 g6 5. Be3 Bg7 6. Nc3 Nf6 7. Bc4 O-O 8. f3 d6 9. Qd2 Nxd4 10. Bxd4 Be6 11. Bb3 Qa5 12. h4 Rac8 13. O-O a6 14. Rfd1 Qh5 15. Qf2 Qa5 16. Bb6 Qh5 17. Rd2 Bh6 18. Rd3 g5 19. hxg5 Bxg5 20. f4 Bh4 21.
Qf3 Qxf3 22. Rxf3 Nd7 23. Bd4 Bf6 24. Rd1 Nc5 25. e5 dxe5 26. fxe5 Bg7 27. Rg3 Kh8 28. Re3 Nxb3 29. axb3 b5 30. b4 Rfd8 31. Ree1 Rc4 32. Bc5 Rxd1 33. Rxd1 Bxe5 34. Bxe7 Kg7 35. Bc5 Bf5 36.
Rd2 Bf6 37. Rf2 Bg6 38. Rd2 Bg5 39. Rd6 Bf6 40. Rxa6 h5 41. Rd6 Bxc2 42. Nxb5 Be4 43. Rd2 Rc1+ 44. Kf2 Bg5 45. Be3 Bh4+ 46. g3 Be7 47. Bd4+ Kg6 48. Bc3 Rh1 49. Nd4 f5 50.
Ne2 1-0

[Event "Late-Titled-Tuesday-Blitz-January-23-2024"]
[Site "Chess.com"]
[Date "2024.01.23"]
[Round "1"]
[White "Carlitus2004"]
[Black "ansko1999"]
[Result "0-1"]
[WhiteElo "2402"]
[BlackElo "2725"]
[TimeControl "180+1"]
[EndTime "14:07:10 PST"]
[Termination "ansko1999 won by resignation"]

1. e4 e5 2. Nf3 Nc6 3. Bc4 Bc5 4. Qe2 d6 5. c3 Nf6 6. h3 a6 7. O-O O-O 8. Rd1 Ba7 9. Bb3 Be6 10. d3 Bxb3 11. axb3 Re8 12. Na3 h6 13. Be3 Bxe3 14. Qxe3 d5 15. Qe2 Qd7 16. Nc2 Rad8 17. Ne3 d4 18. Nc4 b5 19. Na5 Nxa5 20. Rxa5 Qe6 21. b4 dxc3 22. bxc3 Rd6 23. Qc2 Red8 24. Rd2 Nh5 25.
d4 exd4 26. Nxd4 Qg6 27. Qd3 Nf4 28. Qf3 Rf6 29. Nf5 Rxd2 30. Ne7+ Kh7 31. Nxg6 Ne2+ 32. Kf1 Rxf3 33. Nf8+ Kg8 34. gxf3 Kxf8 35. Rxa6 Nf4 36. Ke1 Re2+ 37. Kf1 Rc2 38. Ke1 Rxc3 39. Ra8+ Ke7 40. Rb8 c6 41. Kd2 Rc4 42. Ke3 g5 43. Rc8 Kd7 44. Rf8 Ke7 45. Rc8 Nxh3 46. e5 Nf4 47. Rh8 h5 48. Rg8 Ne6 49. Rc8 h4 50. Ke2 Kd7 51.
Rg8 Rxb4 0-1

[Event "Late-Titled-Tuesday-Blitz-January-23-2024"]
[Site "Chess.com"]
[Date "2024.01.23"]
[Round "1"]
[White "Mikhail_Golubev"]
[Black "Zhigalko_Sergei"]
[Result "1-0"]
[WhiteElo "2524"]
[BlackElo "2968"]
[TimeControl "180+1"]
[EndTime "14:07:12 PST"]
[Termination "Mikhail_Golubev won by resignation"]

1. e4 c5 2. Nf3 Nc6 3. Nc3 Nf6 4. Bb5 Qc7 5. O-O Nd4 6. Re1 a6 7. Bc4 d6 8. h3 e6 9. a4 Be7 10. d3 O-O 11. Nxd4 cxd4 12. Ne2 Nxe4 13. Nxd4 Nf6 14.
Bb3 b6 15. Qf3 Bb7 16. Qg3 Nh5 17. Qg4 Nf6 18. Qg3 Qc5 19. Nxe6 fxe6 20. Rxe6 d5 21.
Be3 Qc6 22. Rxc6 Bxc6 23. Bxb6 Rf7 24. Bd4 Rc8 25. Re1 Nh5 26. Qg4 Rd8 27. Qxh5 g6 28. Qg4 Bd7 29. Qg3 Bc6 30. Qc7 Bf6 31. Qxc6 Bxd4 32.
Bxd5 Bxf2+ 33. Kh2 Bxe1 34. Bxf7+ Kxf7 35. Qc7+ Ke6 36. Qxd8 Bb4 37. Qe8+ Be7 38. g3 h5 39.
Kg2 1-0

[Event "Late-Titled-Tuesday-Blitz-January-23-2024"]
[Site "Chess.com"]
[Date "2024.01.23"]
[Round "1"]
[White "GothamChess"]
[Black "LastHeroJr"]
[Result "1-0"]
[WhiteElo "2774"]
[BlackElo "2434"]
[TimeControl "180+1"]
[EndTime "14:07:13 PST"]
[Termination "GothamChess won by resignation"]

1. e4 e5 2. Nf3 Nc6 3. c3 d5 4.
Qa4 dxe4 5. Nxe5 Qd6 6. Nxc6 bxc6 7. Qxe4+ Be7 8. Be2 Nf6 9. Qc2 O-O 10. O-O c5 11. Bf3 Rb8 12. h3 Rd8 13. Re1 Ba6 14.
Na3 Bd3 15. Qa4 Bf8 16. Nc4 Qf4 17. b3 Qg5 18. Ne5 Bb5 19. Qxa7 Bd6 20. d4 Qf5 21. a4 Be8 22. Ba3 Rxb3 23. Bxc5 Rxc3 24. Rac1 Rxc1 25. Rxc1 Bxe5 26. dxe5 Qxe5 27. Be3 Qb2 28. Qxc7 Rb8 29. a5 Bd7 30. a6 Rf8 31. a7 Qa3 32. Qb8 g6 33.
a8=Q Rxb8 34. Qxa3 1-0

[Event "Late-Titled-Tuesday-Blitz-January-23-2024"]
[Site "Chess.com"]
[Date "2024.01.23"]
[Round "1"]
[White "ValeriyGrinev"]
[Black "dropstoneDP"]
[Result "0-1"]
[WhiteElo "2530"]
[BlackElo "3051"]
[TimeControl "180+1"]
[EndTime "14:07:15 PST"]
[Termination "dropstoneDP won by resignation"]

1. d4 d5 2. c4 dxc4 3. e3 Nf6 4. Bxc4 e6 5. Nf3 c5 6. O-O Nc6 7. Nc3 a6 8. Bb3 b5 9. d5 exd5 10. Nxd5 c4 11. Nxf6+ Qxf6 12. Bc2 Bb7 13. e4 Be7 14. Qe2 Nd4 15. Nxd4 Qxd4 16. Rd1 Qe5 17. f4 Bc5+ 18. Kh1 Qe7 19. e5 O-O 20. f5 Qh4 21. Be3 Bxe3 22. Qxe3 Rad8 23. h3 Rfe8 24. Kh2 h6 25. Rxd8 Qxd8 26.
Rd1 Qc7 27. f6 gxf6 28. Qg3+ Kf8 29. Rd6 Rxe5 30. Rxf6 Rc5 31. Rf4 Rg5 32. Qh4 Rxg2+ 33. Kh1 Rg4+ 0-1

[Event "Late-Titled-Tuesday-Blitz-January-23-2024"]
[Site "Chess.com"]
[Date "2024.01.23"]
[Round "1"]
[White "BeanScreen"]
[Black "picturesquecheck"]
[Result "1-0"]
[WhiteElo "2724"]
[BlackElo "2402"]
[TimeControl "180+1"]
[EndTime "14:07:15 PST"]
[Termination "BeanScreen won on time"]

1. e4 c5 2. c3 Nf6 3. e5 Nd5 4. Nf3 Nc6 5. Bc4 Nb6 6. Bb3 d5 7.
exd6 Qxd6 8. O-O e6 9. d4 cxd4 10. cxd4 Be7 11. Nc3 O-O 12. Re1 Bd7 13. Nb5 Qb8 14.
g3 a6 15. Bf4 Qc8 16. Nc7 Ra7 17. d5 exd5 18. Nxd5 Nxd5 19. Bxd5 Bf6 20. Bd6 Re8 21. Qb3 Be6 22. Bxe6 Rxe6 23. Rxe6 Qxe6 24. Qxe6 fxe6 25. Rd1 Ra8 26. Bc7 Nb4 27. Rd7 Bxb2 28. Bd6 Nxa2 29. Rxb7 Bf6 30. g4 h6 31. h4 g5 32. hxg5 hxg5 33.
Be5 Bxe5 34. Nxe5 a5 35. Nf7 a4 36. Nxg5 a3 37. Ne4 Nc1 38. g5 a2 39. Nf6+ Kf8 40.
g6 Ne2+ 41. Kh2 1-0

[Event "Late-Titled-Tuesday-Blitz-January-23-2024"]
[Site "Chess.com"]
[Date "2024.01.23"]
[Round "1"]
[White "GianmarcoVaR"]
[Black "EsmeraldasAnderson03"]
[Result "1-0"]
[WhiteElo "2753"]
[BlackElo "2428"]
[TimeControl "180+1"]
[EndTime "14:07:17 PST"]
[Termination "GianmarcoVaR won by resignation"]

1. d4 d5 2. Nf3 e6 3. Bf4 Bd6 4. e3 Nf6 5. Nbd2 O-O 6. c3 c5 7.
Ne5 Qc7 8. Bd3 Nbd7 9. Ndf3 Ne4 10. Nxd7 Bxd7 11. Bxe4 Bxf4 12. Bxh7+ Kxh7 13. exf4 Qxf4 14. O-O cxd4 15. cxd4 Bb5 16. Re1 Rac8 17. Qb3 Ba6 18. Rad1 Rc7 19. g3 Qf5 20. Rc1 Rfc8 21. Rxc7 Rxc7 22. Kg2 Bd3 23. Re5 Bc2 24. Rxf5 Bxb3 25. Rh5+ Kg6 26. Rg5+ Kf6 27. axb3 Rc2 28. Re5 Rxb2 29.
Re3 b5 30. Ne5 Ke7 31. Nc6+ Kd6 32. Rc3 b4 33. Nxb4 Rd2 34. Nd3 f6 35. Kf3 e5 36.
Ke3 Rb2 37. h4 a5 38. f3 Rb1 39. Rc5 Ra1 40. Rb5 Ra3 41. Rb6+ Kc7 42. Ra6 Rxb3 43.
Rxa5 Kd6 44. Ra6+ Ke7 45. Ra7+ Ke6 46. Rxg7 1-0

[Event "Late-Titled-Tuesday-Blitz-January-23-2024"]
[Site "Chess.com"]
[Date "2024.01.23"]
[Round "1"]
[White "C_K_G"]
[Black "Lady_Nika"]
[Result "0-1"]
[WhiteElo "2134"]
[BlackElo "2560"]
[TimeControl "180+1"]
[EndTime "14:07:19 PST"]
[Termination "Lady_Nika won on time"]

1. e4 e6 2. Nf3 d5 3. Nc3 Nf6 4. e5 Nfd7 5. d4 c5 6. Bg5 Qb6 7. dxc5 Bxc5 8. Qd2 Nc6 9. Bb5 a6 10. Bxc6 Qxc6 11. O-O b5 12. Ne2 Qc7 13. Bf4 Nb6 14. b3 Bb7 15. c3 Rc8 16. Rac1 O-O 17. Ng3 Ba3 18. Rc2 b4 19. Nh5 bxc3 20. Qd3 Be7 21. Rfc1 Nd7 22. Rxc3 Qa5 23. a4 Nc5 24. Qc2 Ne4 25.
Rc7 Ba3 26. Rxc8 Bxc8 27. Qxc8 Rxc8 28. Rxc8+ Bf8 29. h3 Qb6 30. Be3 Qxb3 31. Nd4 Qb7 32. Rd8 Qc7 33. Ra8 Nc5 34. f4 Nd7 0-1

[Event "Late-Titled-Tuesday-Blitz-January-23-2024"]
[Site "Chess.com"]
[Date "2024.01.23"]
[Round "1"]
[White "nindjaxx8"]
[Black "EcosseKillie"]
[Result "1-0"]
[WhiteElo "2592"]
[BlackElo "2252"]
[TimeControl "180+1"]
[EndTime "14:07:21 PST"]
[Termination "nindjaxx8 won by checkmate"]

1. d4 Nc6 2. c4 e5 3. d5 Nce7 4. Nc3 Nf6 5. e4 Ng6 6. Nf3 Bb4 7. Bd3 Bxc3+ 8. bxc3 d6 9. O-O h6 10. Be3 b6 11.
Qd2 Ng4 12. h3 Nxe3 13. fxe3 O-O 14. Rf2 Nh4 15. Raf1 Nxf3+ 16. Rxf3 Bd7 17. Qf2 f6 18. Rg3 Kh7 19. Be2 Qe8 20. Bg4 Bxg4 21. Rxg4 Qa4 22.
Qf5+ Kh8 23. Rf3 Rf7 24. Qg6 Qe8 25. Rh4 Qf8 26. Rf5 Re8 27. Rfh5 Ree7 28. a4 a5 29. Kf2 Qg8 30. Ke2 Qh7 31. Rxh6 gxh6 32. Rxh6 Rg7 33. Rxh7+ Rxh7 34. Qxf6+ Rhg7 35. g4 Rf7 36. Qe6 Re7 37.
Qh6+ Kg8 38. g5 Rh7 39. Qg6+ Rhg7 40. Qf5 Rgf7 41. Qg4 Rh7 42. h4 Reg7 43. h5 Rd7 44. g6 Rhe7 45. h6 Kh8 46. Qf5 Kg8 47. h7+ Kg7 48.
Qf8+ Kxg6 49. h8=Q Rg7 50. Qf5# 1-0

[Event "Late-Titled-Tuesday-Blitz-January-23-2024"]
[Site "Chess.com"]
[Date "2024.01.23"]
[Round "1"]
[White "Alexei_Gubajdullin"]
[Black "hsd2016"]
[Result "1-0"]
[WhiteElo "2601"]
[BlackElo "2280"]
[TimeControl "180+1"]
[EndTime "14:07:22 PST"]
[Termination "Alexei_Gubajdullin won by resignation"]

1. Nf3 Nf6 2. g3 g6 3. Bg2 Bg7 4. O-O O-O 5. d3 c5 6. e4 b6 7.
Qe2 Bb7 8. Re1 d6 9. Nbd2 e5 10. Nf1 Nc6 11. c3 Re8 12. Bg5 h6 13. Bxf6 Qxf6 14.
Ne3 Nd8 15. Nd2 Ne6 16. Nd5 Bxd5 17. exd5 Nc7 18. h4 h5 19. Ne4 Qd8 20. c4 f5 21.
Ng5 Bf6 22. Ne6 Nxe6 23. dxe6 Rb8 24. Bd5 Qe7 25. Kg2 Kg7 26. Rad1 Rh8 27. b3 Rbg8 28.
Rh1 Rf8 29. Rb1 f4 30. b4 f3+ 31. Bxf3 Qxe6 32. bxc5 dxc5 33. a4 e4 34. Bxe4 Bd4 35. f4 Rb8 36. Qd2 Rhf8 37. a5 Rf6 38. Qa2 Rbf8 39.
axb6 axb6 40. Rhe1 Rxf4 41. gxf4 Qg4+ 42. Kh1 Rxf4 43.
Rg1 Qxh4+ 44. Qh2 Qxh2+ 45. Kxh2 Rh4+ 46. Kg2 Rg4+ 47. Kh1 Rh4+ 48. Kg2 Rg4+ 49. Kh2 Rh4+ 50. Kg3 Rg4+ 51. Kh3 Rxg1 52. Rxb6 Rh1+ 53. Kg2 Rg1+ 54.
Kh2 Kf7 55. Rd6 Ke7 56. Rxd4 cxd4 57. Kxg1 g5 58. Kg2 Kf6 59. Kg3 Ke5 60. Bg6 h4+ 61. Kg4 Kf6 62. Be4 Ke5 63. Kxg5 h3 64. Kg4 h2 65.
Kg3 1-0

[Event "Late-Titled-Tuesday-Blitz-January-23-2024"]
[Site "Chess.com"]
[Date "2024.01.23"]
[Round "1"]
[White "Grischuk"]
[Black "Slovak_fighter2000"]
[Result "1-0"]
[WhiteElo "3076"]
[BlackElo "2533"]
[TimeControl "180+1"]
[EndTime "14:07:23 PST"]
[Termination "Grischuk won by checkmate"]

1. d4 Nf6 2. c4 e6 3. Bg5 d5 4. e3 Be7 5. Nc3 O-O 6. Qc2 b6 7. Nf3 Bb7 8. Bxf6 Bxf6 9. cxd5 exd5 10. Rd1 Nd7 11. g3 Rc8 12. Bg2 c5 13. O-O Qc7 14. Rfe1 Rfe8 15. h4 g6 16. Bh3 Rcd8 17. Qa4 a6 18. Qb3 c4 19. Qc2 b5 20. a3 Bc6 21.
Nh2 Bg7 22. Bg2 Nb6 23. Ne2 b4 24. axb4 Ba4 25. Qd2 Bxd1 26. Rxd1 h5 27. Ra1 Qc8 28. Nf3 Re7 29. Nf4 Rc7 30. Bh3 Qb7 31. Qc2 Nd7 32. Nxg6 fxg6 33. Be6+ Kf8 34. Qxg6 Nf6 35. Ne5 Qb6 36.
Qf5 Re8 37. Ng6# 1-0

[Event "Late-Titled-Tuesday-Blitz-January-23-2024"]
[Site "Chess.com"]
[Date "2024.01.23"]
[Round "1"]
[White "NitaLucian"]
[Black "Andrej2004"]
[Result "0-1"]
[WhiteElo "2310"]
[BlackElo "2622"]
[TimeControl "180+1"]
[EndTime "14:07:23 PST"]
[Termination "Andrej2004 won by checkmate"]

1. e4 b6 2. d3 Bb7 3. Nd2 g6 4. g3 Bg7 5. Bg2 e5 6. Ne2 Nc6 7. O-O Nf6 8. f4 d6 9. fxe5 dxe5 10. h3 O-O 11. g4 Nd4 12. Nf3 Nxf3+ 13. Bxf3 Qd6 14.
Be3 Rad8 15. Ng3 c5 16. Qe2 Nd7 17. Rad1 Nb8 18. Bg5 Rd7 19. Be3 Nc6 20. Qh2 Nd4 21. Bh1 b5 22. Qf2 a5 23. c3 Ne6 24. Bf3 b4 25.
Be2 Nf4 26. Kh2 Ne6 27. g5 Ba6 28. c4 Nf4 29. b3 Rc7 30. Bxf4 exf4 31. Qxf4 Be5 32.
Qg4 Bc8 33. Qf3 f5 34. gxf6 Rxf6 35. Qg2 Rcf7 36. Rxf6 Rxf6 37. Rf1 Rxf1 38. Bxf1 h5 39.
h4 Qf6 40. Kg1 Bd4+ 41. Kh1 Qxh4+ 42. Qh2 Qf4 43. Bg2 Be5 44. Nf1 Qg5 45. Qg1 Qh4+ 46. Nh2 Bg4 47. Bf1 Kg7 48. Kg2 Bd4 49. Qh1 Qh3# 0-1

[Event "Late-Titled-Tuesday-Blitz-January-23-2024"]
[Site "Chess.com"]
[Date "2024.01.23"]
[Round "1"]
[White "mjelcic"]
[Black "Nf3c5"]
[Result "1-0"]
[WhiteElo "2214"]
[BlackElo "2560"]
[TimeControl "180+1"]
[EndTime "14:07:24 PST"]
[Termination "mjelcic won on time"]

1. e4 d6 2. d4 Nf6 3. Nc3 e5 4. Nf3 exd4 5. Nxd4 Be7 6. Bc4 O-O 7. O-O Nxe4 8. Nxe4 d5 9. Bd3 dxe4 10. Bxe4 Bf6 11.
Be3 Nd7 12. c3 Re8 13. Bc2 Ne5 14. h3 g6 15. Qe2 Bd7 16. Rad1 Qc8 17. Nf3 Bc6 18.
Nxe5 Bxe5 19. Qg4 Qxg4 20. hxg4 b6 21. Rd2 Rad8 22. Rfd1 Rxd2 23. Rxd2 a5 24. Bb3 Kf8 25. Bd5 Bxd5 26. Rxd5 Bd6 27. Bh6+ Ke7 28. Kf1 Ke6 29.
Rd3 f5 30. Re3+ Kd7 31. Rxe8 Kxe8 32. gxf5 gxf5 33. Ke2 Kd7 34. c4 c6 35. b3 b5 36.
Kd3 a4 37. cxb5 cxb5 38. bxa4 bxa4 39. Kc4 Kc6 40. Be3 Be7 41. Bd4 Bd6 42. f3 Be7 43. Be3 Bd6 44. Bd2 Be7 45. Bb4 Bf6 46. Bf8 Be5 47. Kb4 Kd5 48. Kxa4 Kd4 49. Kb5 Ke3 50. a4 Kf2 51. g4 1-0

[Event "Late-Titled-Tuesday-Blitz-January-23-2024"]
[Site "Chess.com"]
[Date "2024.01.23"]
[Round "1"]
[White "StellarChess"]
[Black "mbojan"]
[Result "0-1"]
[WhiteElo "2483"]
[BlackElo "2885"]
[TimeControl "180+1"]
[EndTime "14:07:29 PST"]
[Termination "mbojan won by resignation"]

1. Nf3 Nf6 2. g3 e6 3. Bg2 d5 4.
O-O Bd6 5. d3 Nc6 6. Nbd2 e5 7.
e4 dxe4 8. Nxe4 Nxe4 9. dxe4 O-O 10. h3 Be6 11. Kh2 Bc4 12. Re1 Bc5 13. Be3 Bxe3 14. Rxe3 Qxd1 15. Rxd1 Rfd8 16. Ree1 Bxa2 17. b3 Nb4 18. Ra1 Nxc2 19. Rxa2 Nxe1 20. Nxe1 Rd1 21. Nf3 f6 22. Rd2 Rxd2 23. Nxd2 Rd8 24. Nc4 Kf7 25. Bf1 c6 26. Kg2 Ke6 27. Na5 Rd7 28. Kf3 Kd6 29. b4 Kc7 30. Ke3 Rd1 31. Bd3 b5 32. h4 Kb6 33. Nb3 a6 34. Bc2 Rd8 35. f4 Re8 36. f5 Rg8 37. g4 Rd8 38. g5 h6 39. g6 Rd7 40. Nc5 Re7 41. Ne6 a5 42. bxa5+ Kxa5 43. Kd3 Kb4 44. Bb1 c5 45. Kc2 c4 46. Nd8 Kc5 47. Ba2 Rd7 48. Ne6+ Kb4 49. Bb1 c3 50. Kc1 Ka3 51. Bc2 b4 52. Nc5 Rc7 53. Nb3 Rd7 54.
Nc5 Rd2 55. Ne6 b3 56. Bxb3 Kxb3 57. Nxg7 Rh2 58. Kd1 c2+ 0-1

[Event "Late-Titled-Tuesday-Blitz-January-23-2024"]
[Site "Chess.com"]
[Date "2024.01.23"]
[Round "1"]
[White "tptagain"]
[Black "szachmistrz2500"]
[Result "1-0"]
[WhiteElo "2920"]
[BlackElo "2488"]
[TimeControl "180+1"]
[EndTime "14:07:30 PST"]
[Termination "tptagain won on time"]

1. Nf3 d5 2. d4 Nf6 3. e3 c6 4. c4 a6 5. Nc3 Bg4 6. h3 Bxf3 7. Qxf3 e6 8. Bd2 Be7 9. g4 b5 10. g5 Nfd7 11. cxd5 cxd5 12. h4 Nc6 13. Bd3 Rc8 14. a4 Nb4 15. Bb1 bxa4 16. Nxa4 Nb6 17. Nc5 a5 18. Nb7 Qc7 19. Nxa5 Nc2+ 20. Bxc2 Qxc2 21.
Qd1 Qe4 22. f3 Qf5 23. Bc3 Bd6 24. Kf2 O-O 25. Qb1 Qxb1 26. Rhxb1 f6 27. gxf6 Rxf6 28. f4 Be7 29. Rh1 Rc7 30. h5 Rf8 31. Ke2 Rb8 32. Kd3 Kf7 33. Rhg1 Nd7 34. Rh1 Nf6 35. b3 Ne4 36.
Be1 Rbc8 37. b4 Rc2 38. Nb3 Rb2 39. Nc5 Bxc5 40. dxc5 Rb8 41. Ra7+ Kf6 42. Rg1 Rb3+ 43. Kd4 Rb2 44. Bh4+ 1-0

[Event "Late-Titled-Tuesday-Blitz-January-23-2024"]
[Site "Chess.com"]
[Date "2024.01.23"]
[Round "1"]
[White "IgorBjelobrk"]
[Black "youngdinousaur"]
[Result "1/2-1/2"]
[WhiteElo "2624"]
[BlackElo "2325"]
[TimeControl "180+1"]
[EndTime "14:07:30 PST"]
[Termination "Game drawn by repetition"]

1. d4 Nf6 2. c4 e6 3. g3 d5 4. Nf3 dxc4 5. Bg2 a6 6. O-O b5 7.
Ne5 Nd5 8. a4 Bb7 9. axb5 axb5 10.
Rxa8 Bxa8 11. e4 Nf6 12. Nc3 c6 13. d5 Be7 14. dxe6 fxe6 15. Qe2 O-O 16. Bh3 Qe8 17. Bxe6+ Kh8 18. Bh3 Bb7 19. Bf4 Nbd7 20. Nxd7 Nxd7 21. e5 Nc5 22. Ne4 Nd3 23. Qe3 Qg6 24. Bg5 Bb4 25. e6 h6 26. e7 Re8 27. Bh4 Bxe7 28. Bd7 Bxh4 29. Bxe8 Qxe8 30. gxh4 c5 31. f3 Qh5 32. b3 Ne5 33. bxc4 Nxc4 34. Qxc5 Qg6+ 35. Kh1 Bxe4 36. fxe4 Qxe4+ 37. Kg1 Qg6+ 38. Kh1 Qe4+ 39. Kg1 Qg4+ 40. Kh1 Qe4+ 1/2-1/2

[Event "Late-Titled-Tuesday-Blitz-January-23-2024"]
[Site "Chess.com"]
[Date "2024.01.23"]
[Round "1"]
[White "cristiano78"]
[Black "PabloZarnicki"]
[Result "0-1"]
[WhiteElo "2220"]
[BlackElo "2581"]
[TimeControl "180+1"]
[EndTime "14:07:30 PST"]
[Termination "PabloZarnicki won by resignation"]

1. d4 Nf6 2. c4 g6 3. Nc3 Bg7 4. Nf3 O-O 5. e4 d6 6. Be2 e5 7. O-O exd4 8. Nxd4 Re8 9. f3 Nc6 10. Be3 Nh5 11. Qd2 Nf4 12. Rf2 Nxd4 13. Bxf4 f5 14. Be3 Nxe2+ 15. Rxe2 Be6 16. b3 fxe4 17. fxe4 Qf6 18.
Rc1 Rf8 19. Nd5 Bxd5 20. Qxd5+ Kh8 21. Qxb7 Rae8 22. Rf2 Qe5 23. Rxf8+ Rxf8 24. Qxa7 Qxe4 25. Rf1 Re8 26. Bf2 Qc6 27. Bd4 Be5 28. Bxe5+ dxe5 29. Qe3 Qd6 30. Re1 e4 31. h3 Kg8 32. Re2 Qe5 33. Rd2 c6 34. Rd4 Qf5 35. b4 h5 36. a4 c5 37. bxc5 Qxc5 38. Kh2 Qc7+ 39. g3 Qb7 40. c5 Qb2+ 41. Kg1 Rb8 42. Rxe4 Qa1+ 43. Kf2 Rb2+ 44. Kf3 Qf1+ 0-1